 Dungeon Crawl Stone Soup version 0.25-a0-97-g19cdb01 (webtiles) character file.

Game seed: 8943606154086722948, levelgen mode: deterministic

5613 sighowe the Skirmisher (level 10, -3/72 HPs)
             Began as a Demonspawn Abyssal Knight on Nov 12, 2019.
             Was an Elder of Lugonu.
             Slain by an orc high priest
             ... wielding a +0 halberd
              (6 damage)
             ... on level 2 of the Orcish Mines.
             The game lasted 00:44:37 (10312 turns).

sighowe the Skirmisher (Demonspawn Abyssal Knight) Turns: 10312, Time: 00:44:39

Health: -3/72      AC: 10    Str: 16    XL:     10   Next: 45%
Magic:  11/11      EV: 13    Int: 13    God:    Lugonu [****..]
Gold:   454        SH:  0    Dex: 16    Spells: 2/9 levels left

rFire    + . .     SeeInvis .   w - +4 great sword
rCold    + . .     Gourm    .   (shield currently unavailable)
rNeg     . . .     Faith    .   s - +0 ring mail
rPois    .         Spirit   .   l - +0 hat
rElec    .         Reflect  .   (no cloak)
rCorr    .         Harm     .   f - +0 pair of gloves
MR       .....                  (no boots)
Stlth    +.........             (no amulet)
HPRegen  0.22/turn              g - +3 ring of dexterity
MPRegen  0.12/turn              p - ring of wizardry

@: no status effects
A: antennae 1, beak, talons 2, yellow scales 2, blurry vision 1, cold resistance
1, fire resistance 1, frail 1, powered by death 3
a: Depart the Abyss, Bend Space, Banish, Corrupt, Renounce Religion


You were on level 2 of the Orcish Mines.
You worshipped Lugonu.
Lugonu was greatly pleased with you.
You were hungry.

You visited 3 branches of the dungeon, and saw 12 of its levels.
You visited the Abyss 1 time.

You collected 454 gold pieces.

Inventory:

Hand Weapons
 a - a +1 falchion
 j - a +4 short sword of flaming
 m - a +0 short sword of draining
 n - a +2 short sword of speed
 u - a +2 dagger of venom
 v - a +0 scythe
 w - a +4 great sword (weapon)
 x - a +4 short sword of freezing
 F - a +2 whip of venom
 G - a +1 dagger of electrocution
Missiles
 b - 58 bolts
 i - 303 stones (quivered)
 o - 6 curare-tipped darts
 C - 33 poisoned darts
 H - 4 throwing nets
Armour
 e - a +1 shield
 f - a +0 pair of gloves (worn)
 l - a +0 hat (worn)
 s - a +0 ring mail (worn)
Magical Staves
 z - an uncursed staff of wizardry
Jewellery
 g - a +3 ring of dexterity (left hand)
 p - a ring of wizardry (right hand)
 B - an uncursed ring of positive energy
Wands
 h - a wand of iceblast (22)
 D - a wand of random effects (39)
 E - a wand of flame (22)
Scrolls
 d - 2 scrolls of amnesia
 k - 6 scrolls of identify
 q - 2 scrolls of fog
 r - a scroll of magic mapping
 t - a scroll of teleportation
 y - 2 scrolls of fear
Comestibles
 c - 14 rations


   Skills:
 * Level 7.8 Fighting
 * Level 7.5(8.8) Short Blades
 + Level 6.9(8.5) Long Blades
 + Level 1.0 Polearms
 + Level 1.1 Throwing
 + Level 5.1 Armour
 + Level 4.0 Dodging
 + Level 1.1 Stealth
 + Level 3.1 Shields
 + Level 0.1 Unarmed Combat
 + Level 0.3 Spellcasting
 + Level 1.1 Transmutations
 + Level 2.5 Invocations


You had 2 spell levels left.
You knew the following spells:

 Your Spells              Type           Power        Failure   Level  Hunger
a - Sticks to Snakes      Tmut           #.......     21%         2    ###....
b - Beastly Appendage     Tmut           #.....       14%         1    ##.....
c - Spider Form           Tmut/Pois      #.........   45%         3    ####...
d - Summon Small Mammal   Summ           #...         21%         1    ##.....

Your spell library contained the following spells:

 Spells                   Type           Power        Failure   Level  Hunger
 Call Imp                 Summ           #.......     32%         2    ###....
 Call Canine Familiar     Summ           #.......     52%         3    ####...
 Summon Guardian Golem    Hex/Summ       #.......     52%         3    ####...
 Ice Form                 Ice/Tmut       #.......     83%         4    #####..
 Summon Ice Beast         Ice/Summ       #.......     88%         4    #####..
 Summon Lightning Spire   Summ/Air       #.......     88%         4    #####..
 Blade Hands              Tmut           #.........   97%         5    ######.


Dungeon Overview and Level Annotations

Branches:
Dungeon (9/15)             Temple (1/1) D:7             Orc (2/2) D:9
   Lair: D:8-11         Elf: Orc:2

Altars:
Ashenzari
Cheibriados
Dithmenos
Elyvilon
Fedhas
Gozag
Hepliaklqana
Kikubaaqudgha
Makhleb
Nemelex Xobeh
Okawaru
Qazlal
Ru
Sif Muna
Trog
Uskayaw
Vehumet
Wu Jian
Xom
Yredelemnul
Zin
The Shining One
Beogh


Innate Abilities, Weirdness & Mutations

You have razor-sharp toenails.
You are mostly covered in yellow scales. (AC +3)
Your flesh is cold resistant. (rC+)
You regenerate a lot of health from kills.
You have a pair of small antennae on your head.
You have a beak for a mouth.
Scrolls take you a little longer to read.
Your flesh is heat resistant. (rF+)
You are frail. (-10% HP)


Message History

You closely miss the orc high priest.
The orc high priest is almost dead.
The orc warrior barely misses you.
You riposte.
You closely miss the orc warrior. The orc warrior barely misses you.
The neqoxec hits you. The orc high priest barely misses you.
Unknown command.
You hit the orc high priest.
The orc high priest is almost dead.
The orc warrior barely misses you.
The neqoxec hits you but does no damage.
The orc warrior hits you with a +0 long sword!
* * * LOW HITPOINT WARNING * * *
The orc high priest hits you but does no damage.
You feel better.
The orc warrior hits you with a +0 dire flail!
* * * LOW HITPOINT WARNING * * *
The neqoxec hits you but does no damage.
The orc warrior hits you but does no damage.
The orc high priest hits you with a +0 halberd.
You die...

...###. ..$.#. . ..
#####..... ..
..##$_$##.#.##.#.
..#.8$8$#.....(.. .
##.#$.$.$#..(((...
..####..#o848.#.)..#
.........#.#.##ooo##.)..##
..#.........<###@##).....#
.........#......3.......##
.............#.##..###.##
.............####### ##
.............##.##
.................#
...<.....#...##.###
#........##.......##
..............#....#


You could see an orc high priest, an ice devil, a neqoxec, 2 orc warriors and an
orc.

Vanquished Creatures
  A hornet (D:8)
  2 hippogriffs
  6 yaks (D:9)
  Duvessa (D:7)
  5 orc warriors
  A sky beast (D:5)
  2 ice beasts
  3 phantoms
  4 ogres
  A centaur (D:7)
  2 big kobolds
  4 bullfrogs
  2 gnoll sergeants (D:8)
  Dowan (D:7)
  2 scorpions (D:8)
  4 wights (D:6)
  A howler monkey (D:5)
  6 crimson imps
  2 jellies
  11 hounds
  9 orc priests
  4 gnoll shamans (D:8)
  8 orc wizards
  A bullfrog skeleton (D:6)
  An iguana (D:3)
  8 worker ants
  2 hound skeletons
  21 gnolls
  4 adders
  An ooze (D:1)
  An adder zombie (D:7)
  4 worms
  2 dart slugs (D:4)
  6 leopard geckos
  30 orcs
  2 giant cockroaches
  7 goblins
  5 hobgoblins
  13 jackals
  2 quokkas
  9 bats
  12 frilled lizards
  23 kobolds
  2 quokka skeletons
  5 rats
243 creatures vanquished.

Notes
Turn   | Place    | Note
-------+----------+-------------------------------------------
     0 | Abyss:1  | sighowe the Demonspawn Abyssal Knight began the quest for
                  | the Orb.
     0 | Abyss:1  | Reached XP level 1. HP: 18/18 MP: 2/2
    37 | Abyss:1  | Noticed a small abomination
    59 | Abyss:1  | Noticed an ancient lich
    61 | Abyss:1  | Noticed a small abomination
    68 | D:1      | Escaped the Abyss
   396 | D:1      | Gained mutation: You are partially covered in yellow
                  | scales. (AC +2) [demonic ancestry]
   396 | D:1      | Reached XP level 2. HP: 24/24 MP: 3/3
   879 | D:1      | Reached skill level 1 in Dodging
   896 | D:1      | Reached * piety under Lugonu
  1872 | D:2      | Gained mutation: You regenerate a little health from kills.
                  | [demonic ancestry]
  1872 | D:2      | Reached XP level 3. HP: 29/29 MP: 4/4
  2050 | D:2      | Found a shattered altar of Ashenzari.
  2654 | D:2      | You fall into a shaft and drop 2 floors!
  2726 | D:4      | Reached skill level 1 in Shields
  2726 | D:4      | Gained mutation: You regenerate health from kills. [demonic
                  | ancestry]
  2726 | D:4      | Reached XP level 4. HP: 37/37 MP: 5/5
  2915 | D:4      | Noticed an ogre
  3301 | D:3      | Found an iron altar of Okawaru.
  3378 | D:3      | Reached skill level 1 in Short Blades
  3379 | D:3      | Reached ** piety under Lugonu
  3427 | D:3      | Gained mutation: You are mostly covered in yellow scales.
                  | (AC +3) [demonic ancestry]
  3427 | D:3      | Reached XP level 5. HP: 42/42 MP: 6/6
  4316 | D:4      | Gained mutation: Your body sometimes deteriorates upon
                  | taking damage. [potion of mutation]
  4316 | D:4      | Gained mutation: You have sharp fingernails. [potion of
                  | mutation]
  4316 | D:4      | Gained mutation: You are somewhat resistant to further
                  | mutation. [potion of mutation]
  4524 | D:4      | Gained mutation: You have sharp toenails. [demonic
                  | ancestry]
  4524 | D:4      | Reached XP level 6. HP: 34/48 MP: 7/7
  4693 | D:4      | Learned a level 2 spell: Sticks to Snakes
  4979 | D:5      | Entered Level 5 of the Dungeon
  4995 | D:5      | Noticed a sky beast
  5009 | D:5      | Killed a sky beast
  5060 | D:5      | Noticed an ice beast
  5074 | D:5      | Killed an ice beast
  5074 | D:5      | Reached XP level 7. HP: 49/54 MP: 8/8
  5263 | D:5      | Found a shadowy altar of Dithmenos.
  5455 | D:5      | Found a shimmering blue altar of Sif Muna.
  5584 | D:5      | Reached skill level 1 in Throwing
  6410 | D:5      | Reached skill level 5 in Short Blades
  6473 | D:6      | Gained mutation: You have razor-sharp toenails. [demonic
                  | ancestry]
  6473 | D:6      | Reached XP level 8. HP: 52/61 MP: 9/9
  6489 | D:6      | Learned a level 1 spell: Beastly Appendage
  6511 | D:6      | Reached skill level 5 in Fighting
  6695 | D:6      | Lost mutation: You are somewhat resistant to further
                  | mutation. [potion of mutation]
  6695 | D:6      | Gained mutation: You have a beak for a mouth. [potion of
                  | mutation]
  6695 | D:6      | Gained mutation: You have a pair of small antennae on your
                  | head. [potion of mutation]
  6695 | D:6      | Gained mutation: You can translocate small distances at
                  | will. [potion of mutation]
  6696 | D:6      | Lost mutation: You can translocate small distances at will.
                  | [potion of mutation]
  6696 | D:6      | Lost mutation: Your body sometimes deteriorates upon taking
                  | damage. [potion of mutation]
  6696 | D:6      | Lost mutation: You have sharp fingernails. [potion of
                  | mutation]
  6696 | D:6      | Gained mutation: Scrolls take you a little longer to read.
                  | [potion of mutation]
  6696 | D:6      | Gained mutation: You are frail. (-10% HP) [potion of
                  | mutation]
  6696 | D:6      | Gained mutation: Your flesh is heat resistant. (rF+)
                  | [potion of mutation]
  6736 | D:6      | Learned a level 3 spell: Spider Form
  6805 | D:6      | Reached skill level 1 in Polearms
  6834 | D:6      | Reached *** piety under Lugonu
  6917 | D:6      | Learned a level 1 spell: Summon Small Mammal
  6923 | D:6      | Reached skill level 1 in Transmutations
  7565 | D:7      | Gained mutation: You regenerate a lot of health from kills.
                  | [demonic ancestry]
  7565 | D:7      | Reached XP level 9. HP: 56/62 MP: 10/10
  8747 | D:7      | Noticed Duvessa
  8747 | D:7      | Noticed Dowan
  8751 | D:7      | Killed Duvessa
  8756 | D:7      | Killed Dowan
  8804 | D:7      | Found a staircase to the Ecumenical Temple.
  8808 | Temple   | Entered the Ecumenical Temple
  9006 | D:8      | Found a snail-covered altar of Cheibriados.
  9011 | D:8      | Reached skill level 1 in Stealth
  9267 | D:8      | Reached skill level 5 in Long Blades
  9333 | D:8      | Reached **** piety under Lugonu
  9535 | D:8      | Found a hide-covered altar of Uskayaw.
  9778 | D:8      | Gained mutation: Your flesh is cold resistant. (rC+)
                  | [demonic ancestry]
  9778 | D:8      | Reached XP level 10. HP: 67/71 MP: 11/11
  9808 | D:8      | Reached skill level 5 in Armour
 10111 | D:9      | Found a radiant altar of Vehumet.
 10122 | D:9      | Found a staircase to the Orcish Mines.
 10161 | Orc:1    | Entered Level 1 of the Orcish Mines
 10249 | Orc:2    | Entered Level 2 of the Orcish Mines
 10299 | Orc:2    | Found a roughly hewn altar of Beogh.
 10299 | Orc:2    | Noticed an orc high priest
 10312 | Orc:2    | HP: 3/72 [orc warrior/+0 dire flail[an orc high priest]
                  | (10)]
 10312 | Orc:2    | Slain by an orc high priest

Levels and vault maps discovered:
D:1:      saegor_arrival_simple_d, layout_basic, serial_co_window_serial,
          co_window_paths_b, co_window_paths_a, co_window_paths_a,
          co_window_of_opportunity_a, co_window_of_opportunity_a,
          co_window_corner_a, co_window_corner_b, co_window_corner_ca,
          co_window_of_opportunity_b
D:2:      layout_loops_ring, evilmike_ruin_ashenzari
D:3:      layout_loops_cross, first_ration, grunt_ministairs_10,
          okawaru_metal_pillars_1_2
D:4:      layout_loops_corners, nrook_loot_triangle
D:5:      layout_layer_cave, led_sif_book, grunt_dithmenos_shadows, sigmund_army
D:6:      layout_loops_cross
D:7:      layout_loops_ring, temple_hall_moat, grunt_ogre_cave, uniq_duvessa
D:8:      layout_cave_pools, nicolae_overflow_crystal_walls,
          cheibriados_altar_1, serial_gnoll_camp, gnoll_camp_huts_moat,
          gnoll_camp_mini_hut, gnoll_camp_mini_basic, gnoll_camp_mini_house
D:9:      layout_cave_pools, vehumet_altar_wand_db, david_orc_2, bloody_makhleb
Temple:   compressed_dpeg_circular_temple
Orc:1:    layout_diamond_mine, serial_shops, elves_outpost_lemuel
Orc:2:    st_orc_rangers, layout_caves, basic_altar, serial_shops, shop,
          kennysheep_orc_chapel, uniq_nessos

Skill      XL: |  1  2  3  4  5  6  7  8  9 10 |
---------------+-------------------------------+-----
Long Blades    | 2 3 5 6 |  6.9
Dodging        | 1 2 3 4 |  4.0
Armour         | 2 3 4 5 |  5.1
Shields        | 1 2 3 |  3.1
Short Blades   | 1 2 4 5 6 7 |  7.5
Fighting       | 4 5 7 |  7.8
Throwing       | 1 |  1.1
Polearms       | 1 |  1.0
Transmutations | 1 |  1.1
Stealth        | 1 |  1.1
Unarmed Combat | |  0.1
Spellcasting   | |  0.3
Invocations    | |  2.5

Action                   |  1- 3 |  4- 6 |  7- 9 | 10-12 || total
-------------------------+-------+-------+-------+-------++-------
Melee: Falchion          |    43 |       |       |       ||    43
       Short sword       |    66 |   134 |   135 |       ||   335
       Kick              |       |    11 |   113 |    33 ||   157
       Scythe            |       |       |     5 |       ||     5
       Great sword       |       |       |   198 |    92 ||   290
       Peck              |       |       |    49 |    18 ||    67
       Headbutt          |       |       |     5 |       ||     5
       Unarmed           |       |       |     4 |       ||     4
Throw: Stone             |     6 |    30 |    22 |    11 ||    69
 Cast: Beastly Appendage |       |       |     3 |       ||     3
       Spider Form       |       |       |     1 |       ||     1
Invok: Depart the Abyss  |     1 |       |       |       ||     1
  Use: Scroll            |     8 |     6 |     1 |       ||    15
       Potion            |     2 |     5 |     6 |     1 ||    14
 Stab: Sleeping          |     2 |     1 |       |       ||     3
  Eat: Chunk             |     2 |     2 |     4 |     2 ||    10
       Ration            |     1 |     2 |     3 |       ||     6
Armor: Leather armour    |    51 |    11 |       |       ||    62
       Ring mail         |       |    17 |   166 |    67 ||   250
Dodge: Dodged            |    46 |    31 |   273 |   109 ||   459
Block: Shield            |    34 |    45 |    33 |       ||   112
       Rpst.: Falchion   |     5 |       |       |       ||     5
       Great sword       |       |       |    64 |    34 ||    98

Table legend:
 A = Non-vault XP
 B = Vault XP
 C = Vault XP percentage of total XP
 D = Non-vault monster count
 E = Vault monster count
 F = Vault count percentage of total count
                 A         B        C        D         E       F
            +---------+---------+-------+---------+---------+-------
      Total |    6385 |    1634 |  20.4 |     190 |      53 |  21.8
            +---------+---------+-------+---------+---------+-------
        D:1 |      30 |       0 |   0.0 |      19 |       0 |   0.0
        D:2 |      55 |       0 |   0.0 |      21 |       0 |   0.0
        D:3 |      87 |       3 |   3.3 |      18 |       2 |  10.0
        D:4 |     209 |       0 |   0.0 |      11 |       0 |   0.0
        D:5 |     713 |     232 |  24.6 |      21 |       5 |  19.2
        D:6 |     915 |       0 |   0.0 |      23 |       0 |   0.0
        D:7 |     945 |     336 |  26.2 |      20 |       3 |  13.0
        D:8 |    1677 |     908 |  35.1 |      33 |      34 |  50.7
        D:9 |    1448 |     152 |   9.5 |      17 |       8 |  32.0
      Orc:1 |     128 |       0 |   0.0 |       4 |       0 |   0.0
      Orc:2 |     178 |       3 |   1.7 |       3 |       1 |  25.0
            +---------+---------+-------+---------+---------+-------
